 Dungeon Crawl Stone Soup version 0.32-a0-42-ga30500b4d3 (webtiles) character file.

Game seed: 959631560003391429

550 cforsyth the Trooper (level 7, -16/55 HPs)
             Began as a Djinni Reaver on Jan 26, 2024.
             Demolished by an ogre
             ... wielding a +0 giant spiked club
              (33 damage)
             ... on level 5 of the Dungeon.
             The game lasted 00:05:39 (4652 turns).

cforsyth the Trooper (Djinni Reaver)                Turns: 4652, Time: 00:05:40

Health: -16/55     AC:  8    Str: 11    XL:     7   Next: 54%
Gold:   256        EV: 11    Int: 17    God:
                   SH:  0    Dex:  7

rFire   + + +        a - +0 short sword
rCold   x . .        (no shield)
rNeg    . . .        b - +0 leather armour
rPois   ∞            k - +0 helmet
rElec   .            (no cloak)
rCorr   .            (no gloves)
SInv    .            (boots unavailable)
Will    .....        (no amulet)
Stlth   +            g - +4 ring of protection
HPRegen 0.29/turn    l - ring of Rycisad {rF+ MP+9 Dex-4 Slay+3}
MPRegen 0.00/turn

%: infuse magic (-17 HP)
@: flying
A: sickness immunity, fire resistance 2, cold vulnerability 1, float, innate
caster, HP casting, extra vitality 1
a: no special abilities


You were on level 5 of the Dungeon.
You visited 1 branch of the dungeon, and saw 5 of its levels.

You collected 256 gold pieces.

Inventory:

Hand Weapons
 a - a +0 short sword (weapon)
Missiles
 h - a throwing net
Armour
 b - a +0 leather armour (worn)
 k - a +0 helmet (worn)
 s - a +2 kite shield
Jewellery
 g - a +4 ring of protection (left hand)
 l - the ring of Rycisad (right hand) {rF+ MP+9 Dex-4 Slay+3}
   (You found it on level 2 of the Dungeon)

   [ring of magical power]

   Dex-4:     It affects your dexterity (-4).
   Slay+3:    It affects your accuracy & damage with ranged weapons and melee
   (+3).
   rF+:       It protects you from fire.
   MP+9:      It affects your magic capacity (+9).
 n - a ring of protection from cold
Wands
 u - a wand of quicksilver (3)
 x - a wand of mindburst (17)
Scrolls
 e - 3 scrolls of identify
 j - 3 scrolls of blinking {unknown}
 o - a scroll of amnesia {unknown}
 r - a scroll of enchant armour {unknown}
 v - a scroll of enchant weapon {unknown}
 y - a scroll of silence {unknown}
 A - a scroll of poison {unknown}
Potions
 c - a potion of brilliance {unknown}
 d - 2 potions of degeneration
 f - a potion of lignification {unknown}
 i - 2 potions of curing
 m - 3 potions of haste {unknown}
 p - 2 potions of might {unknown}
 q - 3 potions of heal wounds {unknown}
 t - a potion of mutation {unknown}
 w - a potion of enlightenment {unknown}
 z - a potion of attraction {unknown}


   Skills:
 + Level 5.7 Fighting
 - Level 2.6 Short Blades
 - Level 2.1 Dodging
 + Level 5.0 Spellcasting
 + Level 5.0 Conjurations
 + Level 5.0 Hexes
 + Level 5.0 Summonings
 + Level 5.0 Necromancy
 + Level 5.0 Translocations
 + Level 5.0 Fire Magic
 + Level 5.0 Ice Magic
 + Level 5.0 Air Magic
 + Level 5.0 Earth Magic
 + Level 5.0 Alchemy


You knew the following spells:

 Your Spells              Type           Power      Damage    Failure   Level
a - Kiss of Death         Conj/Necr      84%        2d11      2%          1
b - Momentum Strike       Conj/Tloc      42%        3d9       3%          2
c - Hailstorm             Conj/Ice       21%        3d7       7%          3
d - Summon Small Mammal   Summ           84%        N/A       2%          1
e - Call Imp              Summ           42%        N/A       3%          2
f - Ensorcelled Hibernat  Hex/Ice        42%        N/A       3%          2
Your spell library was empty.

Dungeon Overview and Level Annotations

Branches:
Dungeon (5/15)
 Temple: D:4-7

Altars:


Innate Abilities, Weirdness & Mutations

You are immune to sickness and miasma.
You are immune to poison.
Your flesh is very heat resistant. (rF++)
You are vulnerable to cold. (rC-)
You float through the air rather than walking.
You learn spells naturally, not from books.
Your magical power is your life essence.
You have superior vitality. (+4 MHP)


Message History

You hit the ogre.
The ogre is moderately wounded.
The ogre barely misses you.
You hit the ogre.
The ogre is heavily wounded.
The ogre barely misses you.
You barely miss the ogre.
The ogre is heavily wounded.
You barely miss the ogre.
The ogre is heavily wounded.
The ogre hits you with a +0 giant spiked club!
You are too injured to fight recklessly!
You are too injured to fight recklessly!
You are too injured to fight recklessly!
You are too injured to fight recklessly!
You are too injured to fight recklessly!
You are too injured to fight recklessly!
You are too injured to fight recklessly!
You are too injured to fight recklessly!
You completely miss the ogre. You punch the ogre.
The ogre is severely wounded.
You hit the ogre.
The ogre is severely wounded.
The ogre hits you with a +0 giant spiked club!
* * * LOW HITPOINT WARNING * * *
You hit the ogre.
The ogre is severely wounded.
You barely miss the ogre.
The ogre is severely wounded.
The ogre closely misses you.
You closely miss the ogre.
The ogre is severely wounded.
The ogre barely misses you.
You hit the ogre.
The ogre is almost dead.
You closely miss the ogre.
The ogre is almost dead.
The ogre hits you with a +0 giant spiked club!!
Ouch! That really hurt!
You die...

..# #..####†.......#..#.......
#######.......#.........#.......
#.......######(........#.....
#.##<...# #.........#...#
#.#####.# #.........#)..#
#....##.# #..........#.#
####.##.# ####..#.........#
#.##.# #.....#.##.#....# #....#
#.###@#.##......## ###### #.#
#O#.###......### #.# #.#.#
##...#...# #.# #... #...###.##
#.# ### ###.....#..# #.#
######.....#).#.## #.#
#...##.##'###.#...
#.###.#.##.##.###.....
#.#...#....##.....###.


You could see an ogre.

Vanquished Creatures
  A water moccasin (D:4)
  A scorpion (D:5)
  2 bombardier beetles (D:5)
  A hound (D:5)
  An iguana (D:3)
  An orc wizard (D:3)
  Robin (D:1)
  4 gnolls (D:3)
  6 adders
  5 dart slugs
  A ribbon worm (D:2)
  9 orcs
  8 endoplasms
  4 giant cockroaches
  13 goblins
  13 hobgoblins
  10 jackals
  5 kobolds
  2 quokkas
  9 ball pythons
  2 bats
  3 frilled lizards
  7 rats
109 creatures vanquished.

Notes
Turn   | Place    | Note
-------+----------+-------------------------------------------
     0 | D:1      | cforsyth the Djinni Reaver began the quest for the Orb.
     0 | D:1      | cforsyth set off with the following spells memorised: Kiss
                  | of Death, Momentum Strike, Hailstorm.
     0 | D:1      | Reached XP level 1. HP: 18/18 MP: 0/0
   136 | D:1      | Reached XP level 2. HP: 21/23 MP: 0/0
   369 | D:1      | Reached XP level 3. HP: 29/29 MP: 0/0
   369 | D:1      | Learned a level 1 spell: Summon Small Mammal
   795 | D:2      | Identified the ring of Rycisad {rF+ MP+9 Dex-4 Slay+3}
  1139 | D:2      | Noticed Robin
  1166 | D:1      | Reached XP level 4. HP: 35/35 MP: 0/0
  1351 | D:1      | Killed Robin
  1982 | D:3      | Reached XP level 5. HP: 40/40 MP: 0/0
  1982 | D:3      | Learned a level 2 spell: Call Imp
  2592 | D:3      | Reached XP level 6. HP: 19/47 MP: 0/0
  2791 | D:3      | Found a faded altar of an unknown god.
  3675 | D:4      | Noticed a water moccasin
  3700 | D:4      | Killed a water moccasin
  3701 | D:4      | Reached skill level 5 in Fighting
  3912 | D:4      | Reached XP level 7. HP: 51/52 MP: 0/0
  3912 | D:4      | Learned a level 2 spell: Ensorcelled Hibernation
  3939 | D:5      | Entered Level 5 of the Dungeon
  4483 | D:5      | Reached skill level 5 in Spellcasting
  4483 | D:5      | Reached skill level 5 in Conjurations
  4483 | D:5      | Reached skill level 5 in Hexes
  4483 | D:5      | Reached skill level 5 in Summonings
  4483 | D:5      | Reached skill level 5 in Necromancy
  4483 | D:5      | Reached skill level 5 in Translocations
  4483 | D:5      | Reached skill level 5 in Fire Magic
  4483 | D:5      | Reached skill level 5 in Ice Magic
  4483 | D:5      | Reached skill level 5 in Air Magic
  4483 | D:5      | Reached skill level 5 in Earth Magic
  4483 | D:5      | Reached skill level 5 in Alchemy
  4652 | D:5      | Demolished by an ogre

Illustrated notes

Levels and vault maps discovered:
D:1:      dpeg_arrival_round_a, layout_rooms, minmay_cupped
D:2:      layout_basic, uniq_robin
D:3:      layout_loops_cross, dreamdust_ecumenical_altar_angels_and_demons
D:4:      layout_rooms
D:5:      layout_basic, item_on_display_a

Skill      XL: |  1  2  3  4  5  6  7 |
---------------+----------------------+-----
Spellcasting   | 3 4 5 |  5.0
Conjurations   | 3 4 5 |  5.0
Hexes          | 3 4 5 |  5.0
Summonings     | 3 4 5 |  5.0
Necromancy     | 3 4 5 |  5.0
Translocations | 3 4 5 |  5.0
Fire Magic     | 3 4 5 |  5.0
Ice Magic      | 3 4 5 |  5.0
Air Magic      | 3 4 5 |  5.0
Earth Magic    | 3 4 5 |  5.0
Alchemy        | 3 4 5 |  5.0
Fighting       | 3 4 5 |  5.7
Short Blades   | |  2.6
Dodging        | |  2.1

Action                     |  1- 3 |  4- 6 |  7- 9 || total
---------------------------+-------+-------+-------++-------
  Melee: Short sword       |   135 |   343 |    94 ||   572
         Punch             |     1 |     3 |     5 ||     9
   Cast: Call Imp          |       |     1 |       ||     1
         Kiss of Death     |       |     2 |       ||     2
    Use: Scroll            |       |     2 |       ||     2
         Potion            |       |     1 |       ||     1
 Armour: Leather armour    |    56 |   189 |    41 ||   286
  Dodge: Dodged            |    76 |   191 |    43 ||   310

Table legend: (Time is in decaauts)
 A = Elapsed time spent in this place.
 B = Non-inter-level travel time spent in this place.
 C = Inter-level travel time spent in this place.
 D = Time resting spent in this place.
 E = Time spent auto-exploring this place.
 F = Levels seen in this place.
 G = Mean time per level.
                   A        B        C        D        E       F      G
               +--------+--------+--------+--------+--------+-----+--------+
         Total |   4581 |   4473 |    108 |    817 |   2744 |   5 |  916.2 |
       Dungeon |   4581 |   4473 |    108 |    817 |   2744 |   5 |  916.2 |
               +--------+--------+--------+--------+--------+-----+--------+

Top non-repeatable levels by time:
     D:3: 1496 daAuts
     D:1: 1075 daAuts
     D:2: 863 daAuts
     D:5: 700 daAuts
     D:4: 446 daAuts
